 Dungeon Crawl Stone Soup version 0.28.0 (webtiles) character file.

Game seed: 1411799163714597582

238 HallandMoats the Skirmisher (level 6, -2/53 HPs)
             Began as a Ghoul Monk on Feb 8, 2022.
             Was an Initiate of Gozag.
             Slain by an orc priest (3 damage)
             ... on level 4 of the Dungeon.
             The game lasted 00:05:02 (4378 turns).

HallandMoats the Skirmisher (Ghoul Monk)            Turns: 4378, Time: 00:05:02

Health: -2/53      AC:  6    Str: 15    XL:     6   Next: 7%
Magic:  5/5        EV: 10    Int:  5    God:    Gozag
Gold:   432        SH:  0    Dex: 13    Spells: 5/5 levels left

rFire   . . .      SeeInvis .   b - +2 dagger (venom)
rCold   + . .      Faith    .   (no shield)
rNeg    + + +      Spirit   .   d - +0 scale mail
rPois   ∞          Reflect  .   (no helmet)
rElec   .          Harm     .   (no cloak)
rCorr   .          Rampage  .   (no gloves)
Will    .....                   (no boots)
Stlth   ..........              (no amulet)
HPRegen 0.00/turn               (no ring)
MPRegen 0.09/turn               (no ring)

@: confused, inhibited regen
A: claws 1, cold resistance 1, negative energy resistance 3, inhibited
regeneration, torment resistance 2
a: Renounce Religion, Potion Petition, Call Merchant, Bribe Branch


You were on level 4 of the Dungeon.
You worshipped Gozag.
Gozag was aware of your devotion.
You visited 1 branch of the dungeon, and saw 4 of its levels.

You collected 432 gold pieces.

Inventory:

Hand Weapons
 a - a +0 hand axe
 b - a +2 dagger of venom (weapon)
Armour
 d - a +0 scale mail (worn)
Wands
 u - a wand of iceblast (13)
Scrolls
 c - 5 scrolls of identify
 f - a scroll of summoning {unknown}
 g - a scroll of enchant armour
 h - a scroll of magic mapping {unknown}
 j - 2 scrolls of teleportation {unknown}
 k - 2 scrolls of vulnerability {unknown}
 l - 2 scrolls of immolation {unknown}
 m - a scroll of noise {unknown}
 p - a scroll of blinking {unknown}
Potions
 i - 2 potions of flight
 n - a potion of mutation {unknown}
 o - a potion of resistance {unknown}
 q - a potion of berserk rage {unknown}
 r - a potion of heal wounds {unknown}
 s - a potion of curing {unknown}
 t - a potion of cancellation {unknown}
 v - a potion of haste {unknown}


   Skills:
 + Level 4.6 Fighting
 + Level 3.7 Axes
 + Level 2.3 Armour
 + Level 3.7 Dodging
 - Level 2.1 Stealth


You had 5 spell levels left.
You didn't know any spells.
Your spell library contained the following spells:

 Spells                   Type           Power      Damage    Failure   Level
 Ensorcelled Hibernation  Hex/Ice        0%         N/A       97%         2
 Passwall                 Tmut/Erth      0%         N/A       97%         2
 Swiftness                Air            0%         N/A       99%         3


Dungeon Overview and Level Annotations

Branches:
Dungeon (4/15)             Temple (0/1) D:4

Altars:
Gozag


Innate Abilities, Weirdness & Mutations

You thrive by killing the living.
You are immune to poison.
You have sharp fingernails.
Your flesh is cold resistant. (rC+)
You are immune to negative energy. (rN+++)
You do not regenerate when monsters are visible.
You are immune to unholy pain and torment.


Message History

The hound zombie bites you.
* * * LOW HITPOINT WARNING * * *
The jackal zombie bites you but does no damage.
You hit the orc wizard but do no damage.
The orc wizard is poisoned.
The orc priest hits you but does no damage.
The hound zombie bites you but does no damage.
The orc wizard hits you with a +0 dagger.
* * * LOW HITPOINT WARNING * * *
The jackal zombie barely misses you.
Unknown command.
You hit the orc priest.
The orc priest is poisoned.
The orc priest is lightly wounded.
The hound zombie closely misses you. The orc priest hits you with a +0 mace.
* * * LOW HITPOINT WARNING * * *
The jackal zombie barely misses you. The orc wizard misses you.
The hound zombie bites you.
* * * LOW HITPOINT WARNING * * *
You hit the orc wizard.
The orc wizard looks even sicker.
The orc wizard is lightly wounded.
The orc priest closely misses you. The jackal zombie barely misses you.
The orc wizard gestures at you while chanting.
You are confused.
The hound zombie misses you.
You hit the orc priest.
The orc priest looks as sick as possible!
The orc priest is heavily wounded.
The jackal zombie misses you. The orc priest closely misses you.
The hound zombie misses you.
The orc wizard hits you but does no damage.
You hit the orc wizard but do no damage.
The orc wizard is moderately wounded.
The jackal zombie closely misses you. The hound zombie closely misses you.
The orc priest hits you with a +0 mace.
* * * LOW HITPOINT WARNING * * *
The orc wizard completely misses you. The jackal zombie closely misses you.
The hound zombie barely misses you.
You bump into the rock wall.
The orc priest hits you with a +0 mace.
You die...
Your body crumbles into a pile of gold.

##... .. #.... .
#.... ##. ## #....
#.. ...### #..#.
####.#### #888.##..#
.......# #........##
#.Z#..# #888..oo..o
#Z@#..# #.8....{###
#.ooo.# ##...g.####
#.#...####.....#...
#.#.#........#####.##
#..>.........# # #
#####.#.o....# # #
#.#......# #.##
##.#.....# #...
##...##..## ####


You could see 2 orc priests, an orc wizard (very poisoned), an orc, a jackal
zombie and a hound zombie.

Vanquished Creatures
  A centaur skeleton (D:4)
  6 gnolls
  8 adders
  An adder zombie (D:4)
  2 dart slugs (D:2)
  5 orcs (D:3)
  11 ball pythons
  An endoplasm (D:3)
  3 giant cockroaches
  8 goblins
  11 hobgoblins
  A quokka (D:2)
  5 bats
  2 frilled lizards (D:1)
  5 kobolds
  4 rats
74 creatures vanquished.

Notes
Turn   | Place    | Note
-------+----------+-------------------------------------------
     0 | D:1      | HallandMoats the Ghoul Monk began the quest for the Orb.
     0 | D:1      | Reached XP level 1. HP: 19/19 MP: 0/0
   265 | D:1      | Reached XP level 2. HP: 24/26 MP: 1/1
   835 | D:1      | Reached skill level 1 in Armour
   962 | D:1      | Found a faded altar of an unknown god.
   967 | D:1      | Prayed at the altar of an unknown god.
   967 | D:1      | Became a worshipper of Gozag Ym Sagoz the Greedy
  1106 | D:2      | Reached XP level 3. HP: 30/31 MP: 2/2
  1477 | D:2      | Reached XP level 4. HP: 18/40 MP: 3/3
  1739 | D:2      | You fall into a shaft and drop 2 floors!
  1756 | D:4      | Reached skill level 4 in Fighting
  2087 | D:3      | Reached XP level 5. HP: 14/46 MP: 4/4
  3475 | D:4      | Found a staircase to the Ecumenical Temple.
  3559 | D:4      | Reached XP level 6. HP: 42/53 MP: 5/5
  4377 | D:4      | HP: 1/53 [orc priest (6)]
  4378 | D:4      | Slain by an orc priest

Illustrated notes

Levels and vault maps discovered:
D:1:      amcnicky_arrival_feature_with_door, layout_loops_cross,
          shapermc_ecumenical_altar_petra
D:2:      layout_loops_ring, minmay_tromino_i4
D:3:      layout_basic
D:4:      kennysheep_six_static_rooms, layout_loops_cross,
          nicolae_gozag_seed_capital, minmay_temple_entry_gardened_gates,
          serial_undead, serial_undead_c, serial_undead_b, serial_undead_c,
          serial_undead_c, serial_undead_a, serial_undead_c, serial_undead_a,
          serial_undead_e, serial_undead_e, serial_undead_e

Skill      XL: |  1  2  3  4  5 |
---------------+----------------+-----
Armour         | 1 2 |  2.3
Axes           | 3 |  3.7
Dodging        | 3 |  3.7
Fighting       | 4 |  4.6
Stealth        | |  2.1

Action                   |  1- 3 |  4- 6 || total
-------------------------+-------+-------++-------
Melee: Hand axe          |    62 |       ||    62
       Dagger            |    35 |   170 ||   205
       Punch             |       |     3 ||     3
  Use: Scroll            |       |     2 ||     2
       Potion            |       |     1 ||     1
 Stab: Sleeping          |     5 |     3 ||     8
       Distracted        |       |     1 ||     1
Armor: Robe              |    16 |    19 ||    35
       Scale mail        |       |    14 ||    14
Dodge: Dodged            |    58 |   149 ||   207
